 Dungeon Crawl Stone Soup version 0.30-a0-341-g682706514a (webtiles) character file.

Game seed: 15992848139960160567

1577 ryw the Trooper (level 8, -2/103 HPs)
             Began as a Demonspawn Monk on Nov 2, 2022.
             Slain by a killer bee (7 damage)
             ... on level 5 of the Dungeon.
             The game lasted 00:13:03 (6173 turns).

ryw the Trooper (Demonspawn Monk)                   Turns: 6173, Time: 00:13:04

Health: -2/103     AC: 24    Str: 13    XL:     8   Next: 60%
Magic:  8/8        EV:  2    Int: 12    God:
Gold:   161        SH:  6    Dex: 16    Spells: 7/7 levels left

rFire   . . .      SeeInvis .      - Unarmed
rCold   . . .      Faith    .    k - +1 buckler
rNeg    . . .      Spirit   .    (body armour currently unavailable)
rPois   +          Reflect  .    (helmet currently unavailable)
rElec   .          Harm     .    (cloak currently unavailable)
rCorr   .          Rampage  .    (gloves unavailable)
Will    .....      NoTele   +    (boots currently unavailable)
Stlth   ++........               (no amulet)
HPRegen 0.37/turn                (no ring)
MPRegen 0.11/turn                (no ring)

@: agile, lethally poisoned (-2 -> -4), tree-form
A: stationary, stasis, torment immunity, boosted hp, (claws 3), rugged brown
scales 1, powered by pain 1
a: no special abilities


You were on level 5 of the Dungeon.
You were a tree.
You visited 2 branches of the dungeon, and saw 7 of its levels.

You collected 161 gold pieces.

Inventory:

Hand Weapons
 i - a +0 bardiche
Missiles
 t - 2 atropa-tipped darts (quivered)
Armour
 a - a +0 robe (melded)
 k - a +1 buckler (worn)
Wands
 q - a wand of acid (5)
Scrolls
 b - 2 scrolls of identify
 d - 3 scrolls of fog
 f - a scroll of fear {unknown}
 h - 2 scrolls of teleportation
 n - a scroll of magic mapping {unknown}
 o - 3 scrolls of poison {unknown}
 p - a scroll of blinking {unknown}
 u - a scroll of brand weapon {unknown}
Potions
 e - a potion of flight
 g - 2 potions of attraction
 m - a potion of magic
 r - 2 potions of cancellation {unknown}
 s - a potion of invisibility {unknown}


   Skills:
 + Level 7.1 Fighting
 - Level 0.1 Polearms
 + Level 4.4 Dodging
 - Level 1.7 Stealth
 - Level 3.0 Shields
 * Level 7.0 Unarmed Combat


You had 7 spell levels left.
You didn't know any spells.
Your spell library contained the following spells:

 Spells                   Type           Power      Damage    Failure   Level
 Summon Forest            Summ/Tloc      0%         N/A       100%        5
 Eringya's Noxious Bog    Tmut/Pois      0%         N/A       100%        6
 Summon Hydra             Summ           0%         N/A       100%        7


Dungeon Overview and Level Annotations

Branches:
Dungeon (6/15)             Temple (1/1) D:4

Altars:
Ashenzari
Cheibriados
Dithmenos
Fedhas
Gozag
Kikubaaqudgha
Makhleb
Okawaru
Qazlal
Ru
Sif Muna
Uskayaw
Wu Jian
Xom
Yredelemnul

Annotations:
D:4 Blork the orc


Innate Abilities, Weirdness & Mutations

You are a tree.
Your roots penetrate the ground, keeping you stationary.
You cannot be teleported.
You are immune to unholy pain and torment.
Your maximum health is greatly increased.
Your equipment is partially melded.
((You have claws for hands.))
(You are partially covered in rugged brown scales. (AC +1, +3% HP))
You sometimes gain a little power by taking damage.


Message History

You feel sick. You block the killer bee's attack.
You feel sick.
You feel sick. The killer bee stings you.
* * * LOW HITPOINT WARNING * * *
You block the killer bee's attack. The killer bee stings you.
* * * LOW HITPOINT WARNING * * *
You are more poisoned.
The killer bee poisons you!
There is a stone staircase leading up here.
Unknown command.
Unknown command.
* * * LOW HITPOINT WARNING * * *
You feel sick. The killer bee completely misses you.
The killer bee closely misses you. x3
You climb upwards.
* * * LOW HITPOINT WARNING * * *
You feel very sick.
There is a stone staircase leading down here.
Unknown command.
Really quaff the potion of lignification?
You turn into a tree.
Your +0 robe melds into your body.
Your roots penetrate the ground.
You feel sick. You block the killer bee's attack. x2
The killer bee stings you but does no damage. x2
You smack the killer bee!
The killer bee is heavily wounded.
You feel sick.
The killer bee stings you but does no damage.
You block the killer bee's attack.
You hit the killer bee.
The killer bee is almost dead.
You feel sick. The killer bee barely misses you. The killer bee stings you.
* * * LOW HITPOINT WARNING * * *
The killer bee stings you but does no damage. x2
You barely miss the killer bee.
The killer bee is almost dead.
You feel sick.
The killer bee stings you but does no damage.
You block the killer bee's attack. The killer bee stings you!
You die...

# #.....###.....##.###...)...# #
#.≈≈≈..#8.....8#..#####)#### #
#.≈$≈..##.....##..<####.#.##
######.≈≈≈..##8...8##.....).....#
............##.....##....#####...
#########...#_....._#...........#
##..##.....##....#####.##
##.##8y.y8##..#.......# ####.#
##♣## #....#####.## #....#
##########.........
#.#######.###.##..#####.## #.#
#.....#....#.......... #.#
#.#.....#.....#####.#. ########.#
#....#.....##.........
#8##8##..###.#.....#.....###.###.
......'...............##.###.###.
#8##8######...###.....##.........


You could see 2 killer bees.

Vanquished Creatures
  Grinder (D:3)
  Sigmund (D:2)
  A steam dragon (D:5)
  A water moccasin (D:6)
  An ice beast (D:5)
  A necrophage (D:6)
  A scorpion (D:4)
  4 wights (D:5)
  A killer bee (D:6)
  2 jellies (D:5)
  A gnoll bouda (D:4)
  An orc priest (D:4)
  2 hounds (D:5)
  Jessica (D:2)
  3 iguanas (D:5)
  2 orc wizards (D:4)
  6 gnolls
  3 adders
  A shadow imp (D:5)
  2 white imps (D:5)
  An ufetubus (D:5)
  5 orcs
  8 ball pythons
  10 endoplasms
  4 giant cockroaches
  12 goblins
  5 hobgoblins
  3 jackals (D:1)
  4 kobolds
  5 quokkas
  3 frilled lizards
  2 rats
98 creatures vanquished.

Notes
Turn   | Place    | Note
-------+----------+-------------------------------------------
     0 | D:1      | ryw the Demonspawn Monk began the quest for the Orb.
     0 | D:1      | Reached XP level 1. HP: 18/18 MP: 1/1
    99 | D:1      | Gained mutation: You sometimes gain a little power by
                  | taking damage. [demonic ancestry]
    99 | D:1      | Reached XP level 2. HP: 16/24 MP: 2/2
   486 | D:1      | Gained mutation: You are partially covered in rugged brown
                  | scales. (AC +1, +3% HP) [demonic ancestry]
   486 | D:1      | Reached XP level 3. HP: 25/30 MP: 3/3
  1038 | D:2      | Noticed Jessica
  1063 | D:2      | Killed Jessica
  1064 | D:2      | Reached XP level 4. HP: 23/39 MP: 4/4
  1420 | D:2      | Noticed Sigmund
  1455 | D:2      | Killed Sigmund
  1456 | D:2      | Gained mutation: You have sharp fingernails. [demonic
                  | ancestry]
  1456 | D:2      | Reached XP level 5. HP: 48/48 MP: 5/5
  2105 | D:3      | Noticed Grinder
  2382 | D:3      | Gained mutation: You have very sharp fingernails. [demonic
                  | ancestry]
  2382 | D:3      | Reached XP level 6. HP: 50/54 MP: 6/6
  2595 | D:3      | Paralysed by Grinder for 4 turns
  2618 | D:3      | Killed Grinder
  3407 | D:4      | Found a staircase to the Ecumenical Temple.
  3431 | D:4      | Reached XP level 7. HP: 59/60 MP: 7/7
  3441 | D:4      | Reached skill level 5 in Unarmed Combat
  3631 | D:4      | Reached skill level 1 in Shields
  4133 | D:4      | Noticed Blork the orc
  4207 | Temple   | Entered the Ecumenical Temple
  4306 | D:5      | Entered Level 5 of the Dungeon
  4690 | D:5      | Found an iron altar of Okawaru.
  4819 | D:5      | Gained mutation: You have claws for hands. [demonic
                  | ancestry]
  4819 | D:5      | Reached XP level 8. HP: 46/66 MP: 8/8
  5535 | D:5      | Found a burning altar of Makhleb.
  5537 | D:5      | Found a shadowy altar of Dithmenos.
  5752 | D:5      | Found a hide-covered altar of Uskayaw.
  6143 | D:6      | Noticed a hornet
  6173 | D:5      | HP: 5/103 [poisoned by a killer bee]
  6173 | D:5      | Slain by a killer bee

Illustrated notes

Levels and vault maps discovered:
D:1:      ncdulo_lavacross, layout_rooms
D:2:      layout_basic, uniq_sigmund, uniq_jessica
D:3:      layout_loops_ring, uniq_grinder
D:4:      layout_loops_corners, minmay_temple_entry_large_hall,
          uniq_blork_the_orc
D:5:      layout_loops_corners, nicolae_overflow_hidden_temple,
          old_standard_altar, st_stairs_5, minmay_misc_feat_five,
          dk_noncrumbling_2, corexii_item_surrounded_by_moat,
          hangedman_decor_push, minmay_misc_feat_rows
D:6:      layout_cave_pods
Temple:   nicolae_temple_god_jail

Skill      XL: |  1  2  3  4  5  6  7  8 |
---------------+-------------------------+-----
Fighting       | 4 6 7 |  7.1
Unarmed Combat | 3 4 6 7 |  7.0
Dodging        | 3 4 |  4.4
Shields        | 2 3 |  3.0
Polearms       | |  0.1
Stealth        | |  1.7

Action                   |  1- 3 |  4- 6 |  7- 9 || total
-------------------------+-------+-------+-------++-------
Melee: Unarmed           |   152 |   118 |   183 ||   453
       Punch             |     1 |       |       ||     1
Throw: Dart              |       |       |     8 ||     8
  Use: Potion            |       |     8 |     3 ||    11
       Scroll            |       |     7 |     1 ||     8
 Stab: Sleeping          |     1 |     3 |     2 ||     6
       Distracted        |       |       |     1 ||     1
Armor: Robe              |    19 |    20 |    14 ||    53
       Skin              |       |     3 |     6 ||     9
Dodge: Dodged            |    74 |    53 |    96 ||   223
Block: Buckler           |     4 |    12 |    51 ||    67

Table legend: (Time is in decaauts)
 A = Elapsed time spent in this place.
 B = Non-inter-level travel time spent in this place.
 C = Inter-level travel time spent in this place.
 D = Time resting spent in this place.
 E = Time spent auto-exploring this place.
 F = Levels seen in this place.
 G = Mean time per level.
                   A        B        C        D        E       F      G
               +--------+--------+--------+--------+--------+-----+--------+
         Total |   6163 |   5865 |    298 |   1247 |   3507 |   7 |  880.4 |
       Dungeon |   6096 |   5806 |    290 |   1247 |   3479 |   6 | 1016.0 |
        Temple |     67 |     59 |      8 |      0 |     28 |   1 |   67.0 |
               +--------+--------+--------+--------+--------+-----+--------+

Top non-repeatable levels by time:
     D:5: 1618 daAuts
     D:2: 1529 daAuts
     D:4: 1239 daAuts
     D:1: 799 daAuts
     D:3: 754 daAuts
     D:6: 154 daAuts
  Temple: 67 daAuts
